 Dungeon Crawl Stone Soup version 0.20.0-10-g0535bb4 (webtiles) character file.

119 Hasart the Skirmisher (level 5, 0/42 HPs)
             Began as a Barachi Fighter on June 4, 2017.
             Slain by Natasha (7 damage)
             ... on level 2 of the Dungeon.
             The game lasted 00:04:12 (1589 turns).

Hasart the Skirmisher (Barachi Fighter)             Turns: 1589, Time: 00:04:13

Health: 0/42       AC:  9    Str: 17    XL:     5   Next: 3%
Magic:  5/5        EV:  5    Int: 10    God:
Gold:   89         SH: 12    Dex: 11    Spells: 4/4 levels left

rFire    . . .     SeeInvis .   a - +0 long sword
rCold    . . .     Gourm    .   c - +0 shield
rNeg     . . .     Faith    .   x - +0 chain mail
rPois    .         Spirit   .   (no helmet)
rElec    .         Reflect  +   (no cloak)
rCorr    .         Harm     .   (no gloves)
MR       .....                  (no boots)
Stlth    ..........             v - +3 amulet of reflection
Regen    0.2/turn               (no ring)
MPRegen  0.1/turn               (no ring)

@: slow
A: +LOS, swims, slowness 1, strong legs 1
a: Hop


You were on level 2 of the Dungeon.
You were very hungry.

You visited 1 branch of the dungeon, and saw 2 of its levels.

You collected 89 gold pieces.

Inventory:

Hand Weapons
 a - a +0 long sword (weapon)
Armour
 c - a +0 shield (worn)
 x - a +0 chain mail (worn)
Jewellery
 v - a +3 amulet of reflection (around neck)
Scrolls
 e - a scroll of fog {unknown}
 h - 4 scrolls of teleportation {unknown}
 i - 2 scrolls of recharging {unknown}
 j - a scroll of enchant armour {unknown}
 m - a scroll of immolation {unknown}
 q - a scroll of blinking {unknown}
 r - a scroll of enchant weapon {unknown}
 s - a scroll of identify {unknown}
Potions
 d - a potion of might
 g - a potion of brilliance {unknown}
 k - a potion of invisibility {unknown}
 n - a potion of lignification {unknown}
 o - a potion of heal wounds {unknown}
 p - a potion of haste {unknown}
 u - 2 potions of resistance {unknown}
 w - 2 potions of berserk rage {unknown}
Comestibles
 f - 3 bread rations
 l - 3 royal jellies
 t - a fruit


   Skills:
 + Level 4.2 Fighting
 * Level 4.1 Long Blades
 + Level 4.2 Armour
 + Level 1.6 Dodging
 + Level 3.8 Shields


You had 4 spell levels left.
You didn't know any spells.

Dungeon Overview and Level Annotations

Branches:
Dungeon (2/15)

Altars:

Annotations:
D:2 Natasha


Innate Abilities, Weirdness & Mutations

Shadows flee at your approach. (+LOS)
You can swim through water.
You cover ground slowly.
You can hop short distances.


Message History

You hit Natasha but do no damage. Natasha claws you.
You closely miss Natasha. Natasha claws you but does no damage.
You block Natasha's attack.
Unknown command.
Your chain mail prevents you from hitting Natasha.
The white imp hits you but does no damage.
Natasha claws you.
Your shield and chain mail prevent you from hitting Natasha.
The white imp gestures at you. The puff of frost hits you!
* * * LOW HITPOINT WARNING * * *
Natasha claws you.
* * * LOW HITPOINT WARNING * * *
You closely miss Natasha. The white imp gestures at you.
The puff of frost hits you! Natasha claws you but does no damage.
You closely miss Natasha.
The white imp hits you but does no damage.
Natasha claws you!
You die...

.# #............## ###....
.....##......#.## #......
.....###.....#.### #...... ......
..........## #...... ####..
...........# #...... .
....##......####### #......
#............. #....##
#..5........ #....# ####
#.h@........ #...[##
.....#####.#'####### #......
...........#.#########......
.#####...............#....#......
..<..#..........#.............#..
.###.#########..#....#......#....
.###.#......................#....
........#............)......#....
...........................[.....


You could see Natasha and a white imp.

Vanquished Creatures
  Natasha (twice) (D:2)
  An adder (D:2)
  An ooze (D:2)
  3 dart slugs (D:1)
  2 leopard geckos (D:1)
  3 bats (D:1)
  2 giant cockroaches (D:1)
  7 goblins
  5 hobgoblins
  9 jackals
  2 kobolds (D:1)
  7 frilled lizards
  3 rats (D:1)
47 creatures vanquished.

Notes
Turn   | Place    | Note
-------+----------+-------------------------------------------
     0 | D:1      | Hasart the Barachi Fighter began the quest for the Orb.
     0 | D:1      | Reached XP level 1. HP: 18/18 MP: 1/1
    50 | D:1      | Reached XP level 2. HP: 20/25 MP: 2/2
    50 | D:1      | Reached skill level 1 in Dodging
   205 | D:1      | Reached XP level 3. HP: 16/30 MP: 3/3
  1092 | D:2      | Reached XP level 4. HP: 35/37 MP: 4/4
  1134 | D:2      | Noticed Natasha
  1144 | D:2      | Killed Natasha
  1408 | D:2      | Noticed Natasha
  1420 | D:2      | Killed Natasha
  1420 | D:2      | Reached XP level 5. HP: 25/42 MP: 5/5
  1579 | D:2      | Noticed Natasha
  1589 | D:2      | Slain by Natasha

Skill      XL: |  1  2  3  4 |
---------------+-------------+-----
Dodging        | 1 |  1.6
Long Blades    | 3 4 |  4.1
Fighting       | 4 |  4.2
Armour         | 4 |  4.2
Shields        | |  3.8

Action                   |  1- 3 |  4- 6 || total
-------------------------+-------+-------++-------
Melee: Long sword        |   119 |    35 ||   154
  Eat: Chunk             |     1 |     1 ||     2
Armor: Scale mail        |    96 |     9 ||   105
       Chain mail        |       |     6 ||     6
Dodge: Dodged            |    59 |    19 ||    78
Block: Shield            |    79 |    28 ||   107
       Rpst.: Long sword |    24 |     8 ||    32
